TOP OF THE 1ST |
Portland Sea Dogs batting - Pitching for Erie SeaWolves : LHP Ben Saunders
|
Pitching: LHP Ben Saunders
|
|
Batting: RHB Joe Sandoval
|
0-0: Ball 1-0: Called Strike 1-1: Swinging Strike 1-2: Reached on error, E5 (Groundball, 5, EV 82.5 MPH)
|
Batting: RHB Travis Campbell
|
0-0: Ball 1-0: 2-RUN HOME RUN (Flyball, 9LD, EV 96.9 MPH), Distance : 360 ft
|
Batting: RHB Dave Burwell
|
0-0: Swinging Strike 0-1: Ball 1-1: Fly out, F7 (Flyball, 78S, EV 92.5 MPH)
|
Batting: RHB Miguel Villanueva
|
0-0: Called Strike 0-1: Ground out 4-3 (Groundball, 34, EV 107.5 MPH)
|
Batting: RHB Larry Brocato
|
0-0: Called Strike 0-1: Ball 1-1: Ball 2-1: Ground out 6-3 (Groundball, 6, EV 107.5 MPH)
|
Top of the 1st over - 2 runs, 1 hit, 1 error, 0 left on base; Portland 2 - Erie 0 |
BOTTOM OF THE 1ST |
Erie SeaWolves batting - Pitching for Portland Sea Dogs : RHP John LaMotte
|
Pitching: RHP John LaMotte
|
|
Batting: RHB Eric Angelle
|
0-0: Called Strike 0-1: Ball 1-1: Ball 2-1: Called Strike 2-2: Strikes out looking
|
Batting: LHB Nick Nino
|
0-0: Ball 1-0: Swinging Strike 1-1: Ground out 5-3 (Groundball, 5, EV 104.4 MPH)
|
Batting: RHB John Evancho
|
0-0: Swinging Strike 0-1: Foul Ball, location: 2F 0-2: Foul Ball, location: 2F 0-2: Ball 1-2: Ground out 6-3 (Groundball, 6, EV 95.0 MPH)
|
Bottom of the 1st over - 0 runs, 0 hits, 0 errors, 0 left on base; Portland 2 - Erie 0 |
TOP OF THE 2ND |
Portland Sea Dogs batting - Pitching for Erie SeaWolves : LHP Ben Saunders
|
Batting: RHB Frank Sokolosky
|
0-0: Hit by Pitch
|
Batting: RHB Josh Helman
|
0-0: Called Strike Frank Sokolosky steals 2nd base 0-1: SINGLE (Line Drive, 8RS, EV 91.2 MPH) Frank Sokolosky to third
|
Batting: LHB Dave Reyes
|
0-0: Called Strike 0-1: Called Strike 0-2: Ball 1-2: Strikes out looking
|
Batting: SHB Gus Cruz
|
0-0: Called Strike 0-1: Swinging Strike 0-2: Ball 1-2: Strikes out swinging
|
Batting: RHB Joe Sandoval
|
0-0: Ball 1-0: Foul Ball, location: 2F 1-1: SINGLE (Line Drive, 6D, EV 97.5 MPH) Frank Sokolosky scores Josh Helman to second
|
Batting: RHB Travis Campbell
|
0-0: Called Strike 0-1: Foul Ball, location: 2F 0-2: Fielders Choice at 2nd, 6-4 (Groundball, 6, EV 86.9 MPH)
|
Top of the 2nd over - 1 run, 2 hits, 0 errors, 2 left on base; Portland 3 - Erie 0 |
BOTTOM OF THE 2ND |
Erie SeaWolves batting - Pitching for Portland Sea Dogs : RHP John LaMotte
|
Batting: RHB Adam MacConnell
|
0-0: SINGLE (Flyball, 9S, EV 95.0 MPH)
|
Batting: RHB Carlos Armenteros
|
0-0: Fielders Choice at 2nd, 1-6 (Groundball, 34S, EV 70.6 MPH)
|
Batting: RHB Tanner Purchase
|
0-0: Ball 1-0: Ball 2-0: Called Strike 2-1: Fly out, F8 (Line Drive, 8LD, EV 103.1 MPH)
|
Batting: RHB Benny O'Connor
|
0-0: Called Strike 0-1: Ground out 4-3 (Groundball, 4, EV 89.4 MPH)
|
Bottom of the 2nd over - 0 runs, 1 hit, 0 errors, 1 left on base; Portland 3 - Erie 0 |
TOP OF THE 3RD |
Portland Sea Dogs batting - Pitching for Erie SeaWolves : LHP Ben Saunders
|
Batting: RHB Dave Burwell
|
0-0: Called Strike 0-1: Ground out 6-3 (Groundball, 6, EV 100.6 MPH)
|
Batting: RHB Miguel Villanueva
|
0-0: Called Strike 0-1: Called Strike 0-2: Ball 1-2: SINGLE (Groundball, 4S, EV 67.5 MPH) (infield hit)
|
Batting: RHB Larry Brocato
|
0-0: Called Strike 0-1: Ball 1-1: Fielders Choice at 2nd, 6-4 (Groundball, 6, EV 86.2 MPH)
|
Batting: RHB Frank Sokolosky
|
0-0: Ball 1-0: Foul Ball, location: 2F 1-1: Swinging Strike 1-2: Fly out, F8 (Flyball, 8LXD, EV 106.9 MPH)
|
Top of the 3rd over - 0 runs, 1 hit, 0 errors, 1 left on base; Portland 3 - Erie 0 |
BOTTOM OF THE 3RD |
Erie SeaWolves batting - Pitching for Portland Sea Dogs : RHP John LaMotte
|
Batting: RHB Jose Evangelista
|
0-0: Ground out 5-3 (Groundball, 25, EV 86.9 MPH)
|
Batting: RHB Mike Sebastian
|
0-0: Called Strike 0-1: Ball 1-1: SINGLE (Groundball, 56D, EV 96.2 MPH)
|
Batting: RHB Eric Angelle
|
0-0: Ball Mike Sebastian steals 2nd base 1-0: Ball 2-0: Foul Ball, location: 2F 2-1: Ball 3-1: SINGLE (Line Drive, 6M, EV 106.2 MPH) Mike Sebastian to third
|
Batting: LHB Nick Nino
|
0-0: Ball 1-0: Called Strike 1-1: Ground out 4-3 (Groundball, 4MS, EV 76.2 MPH) Mike Sebastian scores Eric Angelle to second
|
Batting: RHB John Evancho
|
0-0: Ball 1-0: Ball 2-0: Swinging Strike 2-1: Ground out 4-3 (Groundball, 34, EV 79.4 MPH)
|
Bottom of the 3rd over - 1 run, 2 hits, 0 errors, 1 left on base; Portland 3 - Erie 1 |
TOP OF THE 4TH |
Portland Sea Dogs batting - Pitching for Erie SeaWolves : LHP Ben Saunders
|
Batting: RHB Josh Helman
|
0-0: SINGLE (Groundball, 34D, EV 100.6 MPH)
|
Batting: LHB Dave Reyes
|
0-0: Bunted foul 0-1: Sac Bunt to 2R - play at first, batter OUT! 2-4 Josh Helman to second
|
Batting: SHB Gus Cruz
|
0-0: Ball 1-0: Ball 2-0: Foul Ball, location: 2F 2-1: Foul Ball, location: 2F 2-2: Ball 3-2: Ground out 5-3 (Groundball, 56, EV 85.6 MPH)
|
Batting: RHB Joe Sandoval
|
0-0: Swinging Strike 0-1: Ball 1-1: Fly out, F8 (Line Drive, 8LM, EV 91.2 MPH)
|
Top of the 4th over - 0 runs, 1 hit, 0 errors, 1 left on base; Portland 3 - Erie 1 |
BOTTOM OF THE 4TH |
Erie SeaWolves batting - Pitching for Portland Sea Dogs : RHP John LaMotte
|
Batting: RHB Adam MacConnell
|
0-0: Fly out, F9 (Flyball, 9D, EV 92.5 MPH)
|
Batting: RHB Carlos Armenteros
|
0-0: Swinging Strike 0-1: Ball 1-1: Foul Ball, location: 2F 1-2: Ball 2-2: Ground out 4-3 (Groundball, 34, EV 108.1 MPH)
|
Batting: RHB Tanner Purchase
|
0-0: Called Strike 0-1: Ball 1-1: Ball 2-1: Foul Ball, location: 2F 2-2: Fly out, F8 (Flyball, 8LM, EV 90.6 MPH)
|
Bottom of the 4th over - 0 runs, 0 hits, 0 errors, 0 left on base; Portland 3 - Erie 1 |
TOP OF THE 5TH |
Portland Sea Dogs batting - Pitching for Erie SeaWolves : LHP Ben Saunders
|
Batting: RHB Travis Campbell
|
0-0: Ball 1-0: Ball 2-0: Called Strike 2-1: Ground out 4-3 (Groundball, 34D, EV 100.0 MPH)
|
Batting: RHB Dave Burwell
|
0-0: Foul Ball, location: 2F 0-1: Ball 1-1: DOUBLE (Line Drive, 9LM, EV 103.1 MPH)
|
Batting: RHB Miguel Villanueva
|
0-0: Ball 1-0: Ground out 5-3 (Groundball, 5, EV 80.6 MPH)
|
Batting: RHB Larry Brocato
|
0-0: Called Strike 0-1: Ball 1-1: Ball 2-1: Ground out 3-1 (Groundball, 34S, EV 75.6 MPH)
|
Top of the 5th over - 0 runs, 1 hit, 0 errors, 1 left on base; Portland 3 - Erie 1 |
BOTTOM OF THE 5TH |
Erie SeaWolves batting - Pitching for Portland Sea Dogs : RHP John LaMotte
|
Batting: RHB Benny O'Connor
|
0-0: Called Strike 0-1: Foul Ball, location: 2F 0-2: Ball 1-2: Ball 2-2: Fly out, F8 (Flyball, 89M, EV 79.4 MPH)
|
Batting: RHB Jose Evangelista
|
0-0: Called Strike 0-1: Swinging Strike 0-2: SINGLE (Line Drive, 4MD, EV 101.9 MPH)
|
Batting: RHB Mike Sebastian
|
0-0: Ball 1-0: Called Strike 1-1: Called Strike 1-2: Strikes out swinging
|
Batting: RHB Eric Angelle
|
0-0: Foul Ball, location: 2F 0-1: Swinging Strike Passed Ball! Jose Evangelista to second 0-2: Ball 1-2: Foul Ball, location: 2F 1-2: Strikes out swinging
|
Bottom of the 5th over - 0 runs, 1 hit, 0 errors, 1 left on base; Portland 3 - Erie 1 |
TOP OF THE 6TH |
Portland Sea Dogs batting - Pitching for Erie SeaWolves : LHP Ben Saunders
|
Batting: RHB Frank Sokolosky
|
0-0: Ball 1-0: Ball 2-0: Called Strike 2-1: Ball 3-1: Swinging Strike 3-2: Strikes out swinging
|
Batting: RHB Josh Helman
|
0-0: Ground out U3 (Groundball, 3, EV 86.2 MPH)
|
Batting: LHB Dave Reyes
|
0-0: Called Strike 0-1: Swinging Strike 0-2: Ball 1-2: Ball 2-2: Foul Ball, location: 2F 2-2: SINGLE (Flyball, 6D, EV 93.1 MPH)
|
Batting: SHB Gus Cruz
|
0-0: Called Strike 0-1: Ball 1-1: Foul Ball, location: 2F 1-2: Ball 2-2: Ground out U3 (Groundball, 34S, EV 90.0 MPH)
|
Top of the 6th over - 0 runs, 1 hit, 0 errors, 1 left on base; Portland 3 - Erie 1 |
BOTTOM OF THE 6TH |
Erie SeaWolves batting - Pitching for Portland Sea Dogs : RHP John LaMotte
|
Batting: LHB Nick Nino
|
0-0: Called Strike 0-1: Called Strike 0-2: Ball 1-2: Fly out, F8 (Flyball, 78D, EV 104.4 MPH)
|
Batting: RHB John Evancho
|
0-0: Ball 1-0: Ball 2-0: Foul Ball, location: 2F 2-1: Ball 3-1: Called Strike 3-2: Ground out U3 (Groundball, 3, EV 87.5 MPH)
|
Batting: RHB Adam MacConnell
|
0-0: Swinging Strike 0-1: Swinging Strike 0-2: Ball 1-2: Ball 2-2: Ball 3-2: Ground out 4-3 (Groundball, 4, EV 102.5 MPH)
|
Bottom of the 6th over - 0 runs, 0 hits, 0 errors, 0 left on base; Portland 3 - Erie 1 |
TOP OF THE 7TH |
Portland Sea Dogs batting - Pitching for Erie SeaWolves : LHP Ben Saunders
|
Batting: RHB Joe Sandoval
|
0-0: Ball 1-0: Ball 2-0: Foul Ball, location: 2F 2-1: DOUBLE (Flyball, 8LXD, EV 92.5 MPH)
|
Batting: RHB Travis Campbell
|
0-0: Foul Ball, location: 2F 0-1: Swinging Strike 0-2: Foul Ball, location: 2F 0-2: Ball 1-2: SINGLE (Groundball, 56D, EV 101.2 MPH) Joe Sandoval to third
|
Batting: RHB Dave Burwell
|
0-0: Ball 1-0: Foul Ball, location: 2F 1-1: Called Strike 1-2: Ball 2-2: Ball 3-2: Fly out, F9 (Flyball, 89M, EV 90.6 MPH) Runner from 3rd tags up, SCORES, throw by RF
|
Pitching: RHP Andy Thoennes
|
|
Batting: RHB Miguel Villanueva
|
0-0: Ball 1-0: Foul Ball, location: 2F 1-1: Called Strike 1-2: Ball 2-2: Ball 3-2: Foul Ball, location: 2F 3-2: Fielders Choice at 2nd, 3-6 (Groundball, 3, EV 100.0 MPH)
|
Batting: RHB Larry Brocato
|
0-0: Called Strike 0-1: Foul Ball, location: 2F 0-2: Ball Miguel Villanueva steals 2nd base 1-2: Foul Ball, location: 2F 1-2: Ball 2-2: Strikes out swinging
|
Top of the 7th over - 1 run, 2 hits, 0 errors, 1 left on base; Portland 4 - Erie 1 |
BOTTOM OF THE 7TH |
Erie SeaWolves batting - Pitching for Portland Sea Dogs : RHP John LaMotte
|
Batting: RHB Carlos Armenteros
|
0-0: Ground out 6-3 (Groundball, 6S, EV 75.0 MPH)
|
Batting: RHB Tanner Purchase
|
0-0: Ball 1-0: Ball 2-0: Swinging Strike 2-1: Fly out, F9 (Flyball, 89S, EV 78.1 MPH)
|
Batting: RHB Benny O'Connor
|
0-0: Ball 1-0: Ball 2-0: Foul Ball, location: 2F 2-1: Ground out 1-3 (Groundball, 13, EV 71.9 MPH)
|
Bottom of the 7th over - 0 runs, 0 hits, 0 errors, 0 left on base; Portland 4 - Erie 1 |
TOP OF THE 8TH |
Portland Sea Dogs batting - Pitching for Erie SeaWolves : RHP Andy Thoennes
|
Pitching: RHP Denzel McPherson
|
|
Batting: RHB Frank Sokolosky
|
0-0: Foul Ball, location: 2F 0-1: Swinging Strike 0-2: Foul Ball, location: 2F 0-2: Ground out 5-3 (Groundball, 56, EV 90.0 MPH)
|
Batting: RHB Josh Helman
|
0-0: Called Strike 0-1: Swinging Strike 0-2: Ball 1-2: SINGLE (Groundball, 34D, EV 94.4 MPH)
|
Batting: LHB Dave Reyes
|
0-0: Called Strike 0-1: Foul Ball, location: 2F 0-2: Fly out, F7 (Flyball, 7S, EV 80.0 MPH)
|
Batting: SHB Gus Cruz
|
0-0: Ball Passed Ball! Josh Helman to second 1-0: Foul Ball, location: 2F 1-1: Called Strike 1-2: Strikes out looking
|
Top of the 8th over - 0 runs, 1 hit, 0 errors, 1 left on base; Portland 4 - Erie 1 |
BOTTOM OF THE 8TH |
Erie SeaWolves batting - Pitching for Portland Sea Dogs : RHP John LaMotte
|
Batting: RHB Jose Evangelista
|
0-0: Called Strike 0-1: SINGLE (Groundball, 6MD, EV 101.2 MPH)
|
Batting: RHB Mike Sebastian
|
0-0: Grounds into double play, 6-4-3 (Groundball, 6, EV 88.8 MPH)
|
Batting: RHB Eric Angelle
|
0-0: Ball 1-0: Swinging Strike 1-1: Hit by Pitch
|
Batting: LHB Nick Nino
|
0-0: Ball 1-0: Ball 2-0: SINGLE (Groundball, 34D, EV 107.5 MPH) Eric Angelle to second Runner from 2nd tries for 3rd, OUT! 9-5
|
Bottom of the 8th over - 0 runs, 2 hits, 0 errors, 1 left on base; Portland 4 - Erie 1 |
TOP OF THE 9TH |
Portland Sea Dogs batting - Pitching for Erie SeaWolves : RHP Denzel McPherson
|
Pitching: RHP Eddie Hodgson
|
|
Pinch Hitting: LHB David Moore
|
0-0: Called Strike 0-1: Foul Ball, location: 2F 0-2: Ball 1-2: Strikes out swinging
|
Batting: RHB Travis Campbell
|
0-0: Foul Ball, location: 2F 0-1: Ball 1-1: Called Strike 1-2: Foul Ball, location: 2F 1-2: Strikes out looking
|
Batting: RHB Dave Burwell
|
0-0: Ball 1-0: Called Strike 1-1: Swinging Strike 1-2: Strikes out swinging
|
Top of the 9th over - 0 runs, 0 hits, 0 errors, 0 left on base; Portland 4 - Erie 1 |
BOTTOM OF THE 9TH |
Erie SeaWolves batting - Pitching for Portland Sea Dogs : RHP John LaMotte
|
Pitching: RHP Aaron Brannon
|
|
Now at 3B: Mike Batko
|
|
Batting: RHB John Evancho
|
0-0: Ball 1-0: Ball 2-0: Ground out 5-3 (Groundball, 56, EV 96.9 MPH)
|
Batting: RHB Adam MacConnell
|
0-0: Ball 1-0: Ball 2-0: Fly out, F4 (Popup, 4, EV 50.0 MPH)
|
Batting: RHB Carlos Armenteros
|
0-0: Ball 1-0: Ball 2-0: Ball 3-0: Called Strike 3-1: Foul Ball, location: 2F 3-2: DOUBLE (Groundball, 5L, EV 94.4 MPH)
|
Batting: RHB Tanner Purchase
|
0-0: Foul Ball, location: 2F 0-1: Swinging Strike 0-2: Ground out 6-3 (Groundball, 6, EV 86.9 MPH)
|
Bottom of the 9th over - 0 runs, 1 hit, 0 errors, 1 left on base; Portland 4 - Erie 1 |
|